 Dungeon Crawl Stone Soup version 0.22.1-2-g9c5b331 (webtiles) character file.

619934 shakethe the Lord of Darkness (level 27, -4/287 HPs)
             Began as a Demonspawn Wanderer on Nov 19, 2018.
             Was the Champion of Kikubaaqudgha.
             Killed from afar by an acid blob (12 damage)
             ... with a splash of acid
             ... on level 5 of the Pits of Slime on Nov 20, 2018.
             The game lasted 07:46:40 (75678 turns).

shakethe the Lord of Darkness (DsWn)               Turns: 75678, Time: 07:46:46

Health: -4/287     AC:  5    Str: 19    XL:     27
Magic:  0/38       EV: 20    Int: 19    God:    Kikubaaqudgha [******]
Gold:   5391       SH:  6    Dex: 14    Spells: 11/57 levels left

rFire    + + +     SeeInvis +     - Unarmed
rCold    + + .     Gourm    +   s - +1 buckler {rPois}
rNeg     + + +     Faith    .   (armour currently unavailable)
rPois    ∞         Spirit   +   (helmet unavailable)
rElec    +         Reflect  .   Q - scarf {rC+ rF+}
rCorr    .         Harm     .   (gloves currently unavailable)
MR       ++++.     Clarity  +   (boots currently unavailable)
Stlth    +++.......             n - amulet of Leaves {Gourm +Inv rN++ Str+4 Int-4}
HPRegen  0.57/turn              B - ring of Modesty {rPois MR+}
MPRegen  0.52/turn              y - ring of Baxzyck {rF++ MR+ AC+2}

@: statue-form, corroded, very slightly contaminated, studying Necromancy, very
slow
A: antennae 3, clarity, cold resistance 1, low mp 1, passive freeze, powered by
death 3, magic shield, magic regeneration, magic link, freezing cloud immunity
}: 3/15 runes: barnacled, silver, gossamer
a: End Transformation, Receive Corpses, Torment, Renounce Religion, Evoke
Invisibility


You were on level 5 of the Pits of Slime.
You worshipped Kikubaaqudgha.
Kikubaaqudgha was exalted by your worship.
You were hungry.
You were a stone statue.
You visited 11 branches of the dungeon, and saw 53 of its levels.
You also visited: Ice Cave.

You collected 7721 gold pieces.
You spent 2330 gold pieces at shops.

Inventory:

Hand Weapons
 P - the +9 quick blade "Mashrocso" {pierce, rElec}
   (You took it off a tengu warrior on level 2 of the Depths)

   It inflicts extra damage upon your enemies.
   It insulates you from electricity.
Missiles
 d - 10 throwing nets (quivered)
Armour
 s - a +1 buckler of poison resistance (worn)
 C - the +2 pair of gloves of Boredom (melded) {*Contam rCorr Int+4}
   (You found it on level 3 of the Elven Halls)

   It affects your intelligence (+4).
   It causes magical contamination when unequipped.
   It provides partial protection from all sources of acid and corrosion.
 L - a +2 pair of boots (melded)
 Q - a scarf of resistance (worn)
 X - +4 fire dragon scales (melded)
Jewellery
 n - the amulet of Leaves (around neck) {Gourm +Inv rN++ Str+4 Int-4}
   (You found it on level 5 of the Vaults)

   [amulet of the gourmand]

   It allows you to eat raw meat even when not hungry.
   It affects your strength (+4).
   It affects your intelligence (-4).
   It greatly protects you from negative energy.
   It lets you turn invisible.
 y - the ring of Baxzyck (right hand) {rF++ MR+ AC+2}
   (You found it on level 3 of the Elven Halls)

   [ring of protection]

   It affects your AC (+2).
   It greatly protects you from fire.
   It affects your resistance to hostile enchantments.
 B - the ring of Modesty (left hand) {rPois MR+}
   (You found it on level 14 of the Dungeon)

   [ring of protection from magic]

   It protects you from poison.
   It affects your resistance to hostile enchantments.
Wands
 w - a wand of polymorph (71)
 A - a wand of scattershot (15)
 T - a wand of disintegration (52)
 U - a wand of paralysis (36)
 Y - a wand of digging (19)
Scrolls
 b - 4 scrolls of blinking
 c - 12 scrolls of identify
 e - 10 scrolls of teleportation
 g - 28 scrolls of remove curse
 h - 2 scrolls of vulnerability
 k - 6 scrolls of fog
 o - 3 scrolls of silence
 p - 9 scrolls of immolation
 t - 2 scrolls of holy word
 z - 7 scrolls of enchant weapon
 D - 3 scrolls of fear
 E - 6 scrolls of torment
 F - 5 scrolls of enchant armour
 G - 14 scrolls of magic mapping
 M - 3 scrolls of summoning
 N - a scroll of brand weapon
 S - 5 scrolls of amnesia
 W - 2 scrolls of acquirement
Potions
 i - 5 potions of berserk rage
 j - 10 potions of lignification
 l - 4 potions of agility
 m - 8 potions of flight
 r - 5 potions of resistance
 u - 14 potions of curing
 v - 3 potions of ambrosia
 x - 7 potions of might
 H - 5 potions of heal wounds
 J - 6 potions of mutation
 O - 3 potions of invisibility
 R - a potion of haste
 V - a potion of magic
 Z - 5 potions of brilliance
Books
 K - a manual of Necromancy
Miscellaneous
 q - a crystal ball of energy
 I - 2 phantom mirrors
Comestibles
 f - 48 rations


   Skills:
 + Level 19.0 Fighting
 - Level 14.0 Short Blades
   Level 2.6 Staves
 - Level 9.5 Armour
 + Level 12.5 Dodging
 - Level 6.8 Stealth
 - Level 4.7 Shields
 * Level 19.6 Unarmed Combat
 + Level 15.6 Spellcasting
 - Level 1.0 Conjurations
 - Level 10.1 Charms
 - Level 2.1 Summonings
 - Level 20.7 Necromancy
 - Level 7.0 Translocations
 + Level 12.6 Transmutations
 - Level 10.4 Air Magic
 + Level 10.8 Earth Magic
 - Level 5.4 Evocations


You had 11 spell levels left.
You knew the following spells:

 Your Spells              Type           Power        Failure   Level  Hunger
a - Shock                 Conj/Air       ####         1%          1    None
b - Borgnjor's Vile Clut  Necr/Erth      ######....   1%          5    ###....
c - Sublimation of Blood  Necr           #######...   0%          2    None
d - Passwall              Tmut/Erth      ######..     1%          2    None
e - Blink                 Tloc           N/A          1%          2    None
f - Dispel Undead         Necr           #######.     1%          5    ###....
g - Animate Dead          Necr           N/A          0%          4    None
h - Swiftness             Chrm/Air       ######..     1%          2    None
i - Regeneration          Chrm/Necr      ######....   1%          3    None
j - Summon Lightning Spi  Summ/Air       #####...     3%          4    None
k - Passage of Golubria   Tloc           N/A          2%          4    None
l - Deflect Missiles      Chrm/Air       ######....   10%         6    #####..
m - Statue Form           Tmut/Erth      ######...    4%          6    #####..

Your spell library contained the following spells:

 Spells                   Type           Power        Failure   Level  Hunger
 Animate Skeleton         Necr           N/A          0%          1    None
 Pain                     Necr           ####         0%          1    None
 Corpse Rot               Necr           N/A          0%          2    None
 Vampiric Draining        Necr           #######...   0%          3    None
 Apportation              Tloc           #####.       1%          1    None
 Beastly Appendage        Tmut           ######       1%          1    None
 Infusion                 Chrm           ####         1%          1    None
 Sandblast                Erth           ######       1%          1    None
 Summon Small Mammal      Summ           ###.         1%          1    None
 Poisonous Vapours        Pois/Air       ####..       1%          2    None
 Shroud of Golubria       Chrm/Tloc      #####.....   1%          2    None
 Song of Slaying          Chrm           ######..     1%          2    None
 Sticks to Snakes         Tmut           ######..     1%          2    None
 Gell's Gravitas          Tloc           #####.....   1%          3    None
 Lesser Beckoning         Tloc           #####.....   1%          3    None
 Ozocubu's Armour         Chrm/Ice       ####....     1%          3    None
 Recall                   Summ/Tloc      N/A          1%          3    None
 Spectral Weapon          Hex/Chrm       ####....     1%          3    None
 Spider Form              Tmut/Pois      #####.....   1%          3    None
 Stone Arrow              Conj/Erth      #####.       1%          3    None
 Teleport Other           Tloc           #####...     1%          3    None
 Petrify                  Tmut/Erth      ######..     1%          4    None
 Agony                    Necr           #######.     1%          5    ###....
 Blade Hands              Tmut           ######....   1%          5    ###....
 Bolt of Draining         Conj/Necr      ######....   1%          5    ###....
 Excruciating Wounds      Chrm/Necr      ######....   1%          5    ###....
 Lee's Rapid Deconstruct  Erth           ######....   1%          5    ###....
 Death Channel            Necr           #######...   1%          6    #####..
 Magic Dart               Conj           ###.         2%          1    None
 Call Imp                 Summ           ###.....     2%          2    None
 Ignite Poison            Fire/Tmut/Pois ####....     2%          3    None
 Mephitic Cloud           Conj/Pois/Air  ####....     2%          3    None
 Flame Tongue             Conj/Fire      ###..        3%          1    None
 Sting                    Conj/Pois      ###.         3%          1    None
 Portal Projectile        Hex/Tloc       ####..       3%          3    None
 Ice Form                 Ice/Tmut       #####...     3%          4    None
 Hydra Form               Tmut           ######....   3%          6    #####..
 Confusing Touch          Hex            ##....       4%          1    None
 Corona                   Hex            ##.....      4%          1    None
 Freeze                   Ice            ##..         4%          1    None
 Searing Ray              Conj           ###...       4%          2    None
 Throw Flame              Conj/Fire      ###...       4%          2    None
 Leda's Liquefaction      Hex/Erth       #####.....   4%          4    None
 Call Canine Familiar     Summ           ###.....     5%          3    None
 Borgnjor's Revivificati  Necr           #######...   5%          8    #######
 Infestation              Necr           #######...   5%          8    #######
 Ensorcelled Hibernation  Hex/Ice        ##....       6%          2    None
 Slow                     Hex            ##......     6%          2    None
 Irradiate                Conj/Tmut      #####.....   7%          5    ###....
 Force Lance              Conj/Tloc      ####....     8%          4    None
 Summon Guardian Golem    Hex/Summ       ###.....     9%          3    None
 Yara's Violent Unravell  Hex/Tmut       #####.....   9%          5    ###....
 Conjure Flame            Conj/Fire      ###.....     10%         3    None
 Dazzling Spray           Conj/Hex       ###...       10%         3    None
 Iskenderun's Battlesphe  Conj/Chrm      #####...     12%         5    ###....
 Confuse                  Hex            ##......     13%         3    None
 Inner Flame              Hex/Fire       ##......     13%         3    None
 Silence                  Hex/Air        ####......   14%         5    ###....
 Summon Forest            Summ/Tloc      ####......   17%         5    ###....
 Dragon Form              Tmut           ######....   21%         7    ######.
 Bolt of Magma            Conj/Fire/Erth ####......   22%         5    ###....
 Iskenderun's Mystic Bla  Conj           ###.....     26%         4    None
 Summon Ice Beast         Ice/Summ       ###.....     26%         4    None
 Necromutation            Tmut/Necr      ######....   28%         8    #######
 Fulminant Prism          Conj/Hex       ###.......   32%         4    None
 Sticky Flame             Conj/Fire      ###.....     32%         4    None
 Haunt                    Necr/Summ      ######....   32%         7    ######.
 Dispersal                Tloc           #####.....   34%         6    #####..
 Cause Fear               Hex            ##........   38%         4    None
 Olgreb's Toxic Radiance  Pois           ##......     38%         4    None
 Aura of Abjuration       Summ           ###.......   43%         5    ###....
 Summon Demon             Summ           ###.......   43%         5    ###....
 Death's Door             Chrm/Necr      ######....   43%         8    #######
 Iron Shot                Conj/Erth      #####.....   50%         6    #####..
 Conjure Ball Lightning   Conj/Air       #####.....   52%         6    #####..
 Summon Mana Viper        Hex/Summ       ###.....     58%         5    ###....
 Fireball                 Conj/Fire      ###.......   67%         5    ###....
 Venom Bolt               Conj/Pois      ###.......   67%         5    ###....
 Metabolic Englaciation   Hex/Ice        ##........   75%         5    ###....
 Shadow Creatures         Summ           N/A          95%         6    #####..
 Bolt of Fire             Conj/Fire      ###.......   99%         6    #####..
 Ring of Flames           Chrm/Fire      ####......   99%         7    ######.
 Darkness                 Hex            ##........   100%        6    #####..
 Invisibility             Hex            ##......     100%        6    #####..
 Orb of Destruction       Conj           ###.......   100%        7    ######.
 Spellforged Servitor     Conj/Summ      ###.......   100%        7    ######.
 Controlled Blink         Tloc           N/A          100%        8    #######
 Discord                  Hex            ##........   100%        8    #######
 Disjunction              Tloc           #####.....   100%        8    #######
 Dragon's Call            Summ           ###.......   100%        9    #######
 Shatter                  Erth           ######....   100%        9    #######
 Tornado                  Air            ######....   100%        9    #######


Dungeon Overview and Level Annotations

Branches:
Dungeon (15/15)            Temple (1/1) D:4            Lair (6/6) D:10
 Shoals (4/4) Lair:2       Spider (4/4) Lair:2        Slime (5/5) Lair:5
    Orc (2/2) D:10            Elf (3/3) Orc:2        Vaults (5/5) D:13
  Crypt (3/3) Vaults:3       Tomb (0/3) Crypt:3      Depths (5/5) D:15
    Zot (0/5) Depths:5

Altars:
Ashenzari
Cheibriados
Dithmenos
Elyvilon
Fedhas
Gozag
Hepliaklqana
Kikubaaqudgha
Makhleb
Nemelex Xobeh
Okawaru
Qazlal
Ru
Sif Muna
Trog
Uskayaw
Vehumet
Wu Jian
Xom
Yredelemnul
Zin
The Shining One
Beogh
Jiyva

Shops:
D:10 (   D:12 (}(   Orc:2 =:**   Elf:1 (   Shoals:2 %   Vaults:2 [((
Vaults:3 *   Vaults:5 %

Portals:
Hell: Depths:1 Depths:2 Depths:3 Depths:4 Depths:5
Abyss: Depths:1 Depths:4
Pandemonium: Depths:1 Depths:2 Depths:3
Ziggurat: Depths:1
Trove: Depths:3 (give 8 potions of agility)

Annotations:
D:5 3 runed doors, Paps's ghost, novice DsFi
Lair:2 lair
Lair:6
L:6
Depths:4 1 runed door


Innate Abilities, Weirdness & Mutations

You have a pair of large antennae on your head. (SInv)
Your flesh is cold resistant. (rC+)
A frigid envelope surrounds you and freezes all who hurt you.
You regenerate a lot of health from kills.
When hurt, damage is shared between your health and your magic reserves.
You regenerate magic rapidly.
When low on magic, you restore magic in place of health.
You are immune to freezing clouds.
((When seriously injured, your bleeding wounds create very thick armour. (AC +0)))
You possess an exceptional clarity of mind.
Your magical capacity is low. (-10% MP)


Message History

You are splashed with acid!
The acid burns!
* * * LOW HITPOINT WARNING * * *
Blink to where?
Press: ? - help, Dir - move target cursor You are very lightly contaminated with residual magic.
As you read the scroll of blinking, it crumbles to dust.
The acid blob spits acid at you. The splash of acid hits you!
* * * LOW HITPOINT WARNING * * *
You are splashed with acid!
The acid burns!
* * * LOW HITPOINT WARNING * * *
The acid blob spits acid at you. The splash of acid hits you!
* * * LOW HITPOINT WARNING * * *
You are splashed with acid!
The acid burns!
* * * LOW HITPOINT WARNING * * *
The acid blob spits acid at you. The splash of acid hits you!
You die...
Kikubaaqudgha rasps: "You have failed me!
Welcome... oblivion!"

.......J................
.........J..............
.........JG.............
...........J............
........................
...........J............
#.......................
###.....................
#...###.......8.......
##.## ##............##
### ##.........#.#
#.....##.#.##
###.#..##### ######


You could see 2 acid blobs, a great orb of eyes, an enormous slime creature and
a large slime creature.

Vanquished Creatures
  Khufu (Crypt:3)
  The ghost of Xogg the Hoplite, a master MiMo of Okawaru (Crypt:3)
  Mennas (Crypt:3)
  3 juggernauts (Depths:2)
  2 greater mummies (Crypt:3)
  Bai Suzhen (Crypt:3)
  Margery (Depths:3)
  Saint Roka (Elf:2)
  The ghost of Uqaleas the Slayer, an adept MiAK of Lugonu (Depths:4)
  The ghost of Uqaleas the Slayer, an adept MiAK of Lugonu (Depths:4)
  A profane servitor (Crypt:3)
  9 golden dragons
  2 bone dragons
  Jorgrun (Spider:1)
  An iron giant (Depths:4)
  5 tentacled monstrosities
  Rupert (D:13)
  3 deep elf blademasters
  3 quicksilver dragons
  A deep elf master archer (Elf:3)
  5 liches
  5 titans (Vaults:5)
  A kraken (Shoals:3)
  7 ancient champions (Crypt:3)
  The ghost of Fenis the Peltast, an adept FoHu of Fedhas (Depths:4)
  12 acid blobs
  2 sphinxes
  3 large abominations (Vaults:5)
  5 shadow dragons (Vaults:5)
  5 storm dragons
  Frances (Spider:2)
  9 tengu reavers
  5 revenants
  Agnes (Elf:2)
  4 azure jellies
  9 frost giants
  Roxanne (Shoals:1)
  10 fire giants
  5 deep elf sorcerers
  2 balrugs
  4 ghost moths
  3 iron dragons
  An orc warlord (Orc:2)
  18 vault wardens
  5 emperor scorpions
  A curse skull (Crypt:1)
  13 ghouls
  6 deep elf elementalists
  3 draconian stormcallers (Depths:5)
  3 reapers
  16 ironheart preservers
  21 very ugly things
  26 stone giants
  7 entropy weavers
  2 war gargoyles
  Nessos (D:12)
  7 vampire knights
  7 deep elf demonologists
  A green draconian (Depths:5)
  A white draconian (Depths:5)
  A black draconian (Depths:5)
  2 eidola
  A yellow draconian (Depths:5)
  6 deep elf annihilators
  11 spark wasps
  3 merfolk javelineers (Shoals:4)
  A spark wasp (shapeshifter) (Vaults:5)
  16 ettins
  2 mummy priests (Crypt:3)
  A blizzard demon (Depths:2)
  3 crystal guardians
  3 deep elf death magi
  6 merfolk impalers
  A death ooze (Slime:1)
  11 fire dragons
  14 jiangshi
  8 ice dragons
  A small abomination (Vaults:5)
  14 great orbs of eyes
  3 hydras
  22 yaktaur captains
  10 deep elf high priests
  7 rakshasas
  26 vault guards
  A caustic shrike simulacrum (Depths:1)
  A catoblepas (D:13)
  2 merfolk avatars
  12 centaur warriors
  A satyr (Shoals:4)
  13 ogre magi
  57 two-headed ogres
  10 deep troll shamans
  12 tengu warriors
  2 merfolk aquamancers (Shoals:1)
  6 orc high priests
  8 death scarabs (Spider:4)
  12 deep troll earth magi
  21 dancing weapons
  8 vampire magi
  Urug (Lair:1)
  A death yak (shapeshifter) (Vaults:5)
  16 spriggan berserkers
  The ghost of buskinjo the Grappler, a novice TrHu of Okawaru (D:8)
  A titan skeleton (Crypt:2)
  5 sun demons
  6 iron trolls
  17 deep elf knights
  6 soul eaters
  A deep troll (shapeshifter) (Vaults:5)
  8 hell knights (Depths:3)
  An unseen horror (Vaults:1)
  2 unseen horrors (shapeshifter)
  A salamander mystic (Depths:5)
  A death drake (shapeshifter) (Depths:3)
  4 glowing orange brains
  36 skeletal warriors
  14 sea snakes
  A shadow wraith (Crypt:3)
  A spriggan druid (Depths:1)
  3 quicksilver dragon simulacra
  2 flayed ghosts
  A swamp dragon (shapeshifter) (Depths:2)
  5 wizards
  2 shadow demons (Elf:1)
  23 deep trolls
  A kraken simulacrum (Shoals:4)
  Pikel (D:7)
  22 phantasmal warriors
  An anaconda skeleton (Crypt:3)
  16 ironbrand convokers
  3 spectral wolf spiders (Spider:4)
  An infernal demonspawn (Depths:3)
  2 tengu zombies
  14 deep elf archers
  5 fauns (Shoals:2)
  23 harpies
  3 wolf spider zombies
  12 necromancers
  20 orc knights
  41 ugly things
  37 wolf spiders
  13 orb spiders
  A harpy (shapeshifter) (Vaults:4)
  2 fire giant zombies
  2 golden dragon skeletons
  A shining eye (Slime:2)
  5 orc sorcerers
  129 slime creatures
  57 deep elf magi
  A frost giant zombie (Crypt:2)
  12 manticores
  3 salamanders (Depths:5)
  9 rust devils
  2 centaur zombies (D:13)
  9 cyclopes
  A human skeleton (Vaults:5)
  2 salamanders (shapeshifter)
  A black mamba (shapeshifter) (Depths:3)
  3 moths of wrath (Spider:4)
  An iron dragon skeleton (Depths:4)
  6 merfolk sirens
  A titan simulacrum (Crypt:3)
  A fire giant skeleton (Crypt:3)
  11 vault sentinels
  A black mamba (Lair:3)
  3 ice statues
  A guardian serpent (shapeshifter) (Vaults:2)
  A frost giant skeleton (Crypt:3)
  A stone giant skeleton (Vaults:5)
  6 water nymphs
  20 spiny frogs
  2 eyes of devastation
  A spiny frog (shapeshifter) (Vaults:4)
  A storm dragon simulacrum (Crypt:3)
  3 gargoyles
  6 centaur skeletons
  2 dire elephant skeletons
  A torpor snail (Spider:4)
  6 kobold demonologists
  3 spectral redbacks (Spider:4)
  A minotaur zombie (Crypt:1)
  A redback zombie (Spider:4)
  An efreet (D:14)
  14 ice devils
  A hellion (Depths:5)
  An anaconda simulacrum (Crypt:3)
  3 rime drakes
  4 komodo dragons
  39 yaktaurs
  10 freezing wraiths
  4 tengu conjurers
  3 hellwings
  A red devil (Depths:2)
  11 demonic crawlers
  7 guardian mummies (Crypt:3)
  A hydra zombie (Crypt:2)
  A yaktaur skeleton (Vaults:3)
  32 merfolk
  2 polar bears
  8 trolls
  39 jumping spiders
  4 tyrant leeches (Lair:6)
  3 spectral tarantellas (Spider:4)
  A tengu simulacrum (Vaults:3)
  An ettin zombie (Crypt:3)
  17 hornets
  19 dream sheep
  15 blink frogs
  3 jumping spider zombies (Spider:4)
  10 snapping turtles
  2 tarantella zombies (Spider:4)
  2 bog bodies
  5 spectral jumping spiders (Spider:4)
  A wind drake (Shoals:4)
  A fire giant simulacrum (Vaults:2)
  2 ice dragon zombies
  A stone giant simulacrum (Crypt:3)
  4 air elementals
  An ice dragon skeleton (Crypt:2)
  A spriggan (shapeshifter) (Depths:1)
  10 flying skulls
  9 hippogriffs
  52 redbacks
  11 water elementals
  41 tarantellas
  Sigmund (D:2)
  6 spriggans
  4 wyverns
  8 shadows
  A fire elemental (Elf:2)
  An ettin skeleton (Crypt:3)
  An ushabti (Crypt:3)
  11 wraiths
  A human (shapeshifter) (Vaults:5)
  33 yaks
  16 humans
  A golden eye (shapeshifter) (Vaults:2)
  A basilisk (Lair:2)
  5 human simulacra
  7 golden eyes
  5 hungry ghosts
  14 vampire mosquitoes
  10 wargs
  A naga (shapeshifter) (Depths:3)
  12 water moccasins
  7 acid dragons
  7 hell hounds (Depths:2)
  12 porcupines
  2 torturous demonspawn skeletons (Crypt:2)
  3 spectral hornets (Spider:4)
  A water nymph skeleton (Crypt:3)
  6 ice beasts
  A sky beast (shapeshifter) (Vaults:3)
  66 orc warriors
  3 necrophages
  A spiny frog skeleton (Crypt:2)
  2 elf zombies
  4 ettin simulacra
  3 phantoms
  7 sky beasts
  5 black bears
  A blink frog zombie (Crypt:2)
  A lindwurm zombie (Crypt:2)
  41 ogres
  10 boggarts
  10 eyes of draining
  12 wolves
  A hog zombie (Crypt:1)
  18 crocodiles
  19 centaurs
  A snapping turtle skeleton (Crypt:3)
  7 big kobolds
  31 bullfrogs
  An earth elemental (Elf:2)
  A bullfrog (shapeshifter) (Depths:5)
  A salamander skeleton (Crypt:3)
  A wyvern zombie (D:10)
  An elf skeleton (Crypt:3)
  5 scorpions
  A polar bear zombie (Crypt:3)
  6 killer bees (D:9)
  A raiju zombie (Crypt:3)
  13 wights
  An elf simulacrum (Vaults:5)
  A troll skeleton (Crypt:3)
  A spriggan skeleton (Crypt:1)
  A vampire bat (D:4)
  3 electric eels
  12 crimson imps
  A wolf skeleton (Crypt:1)
  A bullfrog zombie (D:5)
  A quasit (D:8)
  2 bullfrog skeletons (D:8)
  9 jellies
  40 orc priests
  5 hounds
  3 iron imps
  29 orc wizards
  5 iguanas
  5 hell rats (Lair:1)
  4 worker ants
  A crocodile skeleton (Crypt:1)
  A hound skeleton (D:6)
  A mummy (Crypt:3)
  A howler monkey zombie (D:10)
  4 gnolls
  10 adders
  2 howler monkey skeletons
  10 shadow imps
  6 white imps
  5 ufetubi
  3 oozes
  3 adder skeletons
  5 worms
  2 barachi zombies
  A dart slug (D:3)
  3 leopard geckos
  136 orcs
  8 bats (D:1)
  4 bat skeletons (D:4)
  A bat zombie (D:4)
  8 giant cockroaches
  5 goblins
  7 hobgoblins
  13 jackals
  38 kobolds
  5 quokkas
  A ball python (D:2)
  A dart slug zombie (Crypt:1)
  7 frilled lizards
  A goblin skeleton (Crypt:2)
  2 jackal zombies (D:6)
  3 quokka skeletons
  13 rats
  A river rat skeleton (Crypt:1)
  A bush (D:6)
  3 crawling corpses (Vaults:5)
  13 plants
  4 tentacles (Shoals:3)
2620 creatures vanquished.

Vanquished Creatures (collateral kills)
  An acid blob (Slime:2)
  A shadow dragon (Depths:2)
  A fire giant (Depths:3)
  2 azure jellies (Slime:2)
  A deep elf sorcerer (Elf:3)
  2 deep elf demonologists
  6 deep elf annihilators (Elf:3)
  A merfolk javelineer (Shoals:4)
  A merfolk impaler (Shoals:4)
  A deep elf death mage (Elf:3)
  A great orb of eyes (Slime:2)
  A fire dragon (Vaults:1)
  A yaktaur captain (Vaults:3)
  An ogre mage (Vaults:2)
  3 deep elf high priests (Elf:3)
  A rakshasa (Depths:3)
  A merfolk avatar (Shoals:2)
  2 merfolk aquamancers (Shoals:4)
  2 satyrs
  2 dancing weapons (Elf:3)
  A deep troll shaman (Depths:4)
  A spriggan berserker (Depths:2)
  A deep elf knight (Elf:2)
  A wizard (Vaults:1)
  A sea snake (Shoals:4)
  A deep troll (Depths:2)
  3 ironbrand convokers
  2 deep elf magi
  5 harpies (Shoals:4)
  2 cyclopes
  3 fauns (Shoals:2)
  An ugly thing (Depths:2)
  4 shining eyes
  2 orc knights
  A manticore (Shoals:1)
  A rust devil (Depths:2)
  A frost giant skeleton (Depths:1)
  A water nymph (Shoals:4)
  A vault sentinel (Vaults:1)
  A kobold demonologist (Elf:1)
  2 yaktaurs (Vaults:3)
  A komodo dragon (Lair:4)
  A tengu conjurer (Depths:2)
  10 merfolk
  A troll (Orc:1)
  2 dream sheep
  2 snapping turtles
  An ice dragon zombie (Depths:1)
  A stone giant simulacrum (Depths:1)
  13 slime creatures
  A wraith (Depths:2)
  5 golden eyes (Slime:3)
  An orc warrior (Elf:2)
  An eye of draining (Slime:3)
  An ogre (Depths:1)
  An orc wizard (Elf:2)
  8 orcs
  4 plants
  A tentacle (Shoals:4)
123 creatures vanquished.

Vanquished Creatures (others)
  A reaper (IceCv)
  A spriggan berserker (Depths:2)
  A storm dragon zombie (Depths:4)
  A necromancer (Depths:3)
  A cyclops (D:11)
  A deep elf mage (Vaults:5)
  An orc sorcerer (Elf:2)
  A warg (Vaults:5)
  A slave (D:7)
  An ettin simulacrum (Depths:2)
  4 white imps (IceCv)
  8 ufetubi (IceCv)
  An orc (Orc:1)
  2 fungi
  29 plants
  11 tentacles
65 creatures vanquished.

Grand Total: 2808 creatures vanquished

Notes
Turn   | Place    | Note
-------+----------+-------------------------------------------
     0 | D:1      | shakethe the Demonspawn Wanderer began the quest for the
                  | Orb.
     0 | D:1      | shakethe set off with: a +2 quarterstaff, a +0 robe, a
                  | ration
     0 | D:1      | Reached XP level 1. HP: 16/16 MP: 3/3
   371 | D:1      | Gained mutation: You regenerate a little health from kills.
                  | [demonic ancestry]
   371 | D:1      | Reached XP level 2. HP: 22/23 MP: 5/5
   682 | D:1      | Gained mutation: When seriously injured, your bleeding
                  | wounds create armour. (AC +0) [demonic ancestry]
   682 | D:1      | Reached XP level 3. HP: 29/29 MP: 6/6
   944 | D:1      | Learned a level 1 spell: Shock
  1707 | D:2      | Noticed Sigmund
  1720 | D:2      | Killed Sigmund
  1720 | D:2      | Reached skill level 5 in Fighting
  1720 | D:2      | Reached XP level 4. HP: 40/40 MP: 7/7
  1720 | D:2      | Reached XP level 5. HP: 46/46 MP: 8/8
  1956 | D:2      | Found a bloodstained altar of Trog.
  2386 | D:3      | Found a blossoming altar of Fedhas.
  2795 | D:3      | You fall through a shaft for 3 floors!
  2813 | D:5      | Entered Level 5 of the Dungeon
  2813 | D:5      | Found a runed gate.
  2813 | D:5      | Found a runed gate.
  2813 | D:5      | Found a runed gate.
  2813 | D:5      | Noticed a yak
  2909 | D:5      | Noticed a centaur
  2920 | D:5      | Reached XP level 6. HP: 38/53 MP: 9/9
  4120 | D:4      | Found a shattered altar of Ashenzari.
  4139 | D:4      | Gained mutation: When hurt, damage is shared between your
                  | health and your magic reserves. [demonic ancestry]
  4139 | D:4      | Reached XP level 7. HP: 54/61 MP: 10/10
  4190 | D:4      | Found a staircase to the Ecumenical Temple.
  4250 | Temple   | Entered the Ecumenical Temple
  4849 | D:4      | Found an ancient bone altar of Kikubaaqudgha.
  5077 | D:4      | Became a worshipper of Kikubaaqudgha
  5502 | D:5      | Found a burning altar of Makhleb.
  5502 | D:5      | Found a hide-covered altar of Uskayaw.
  5503 | D:5      | Found a deep blue altar of Sif Muna.
  5671 | D:5      | Found an opulent altar of Gozag.
  5672 | D:5      | Noticed Paps's ghost (novice DsFi)
  5753 | D:5      | Reached XP level 8. HP: 46/71 MP: 5/11
  6298 | D:6      | Reached skill level 10 in Fighting
  6302 | D:6      | Found a white marble altar of Elyvilon.
  6464 | D:6      | Found an ornate altar of the Wu Jian Council.
  6490 | D:6      | Reached * piety under Kikubaaqudgha
  6490 | D:6      | Identified Kikubaaqudgha's Handbook of Darkness
                  | (Kikubaaqudgha gifted it to you on level 6 of the Dungeon)
  6490 | D:6      | Received a gift from Kikubaaqudgha
  6683 | D:6      | Reached skill level 1 in Short Blades
  6845 | D:6      | Found a glowing silver altar of Zin.
  6868 | D:6      | Found a basalt altar of Yredelemnul.
  7964 | D:7      | Gained mutation: You regenerate magic rapidly. [demonic
                  | ancestry]
  7964 | D:7      | Reached XP level 9. HP: 62/79 MP: 12/12
  8085 | D:7      | Found a hazy altar of Hepliaklqana.
  8392 | D:7      | Noticed Pikel
  8428 | D:7      | Killed Pikel
  8637 | D:7      | Reached skill level 5 in Short Blades
  9474 | D:8      | Gained mutation: When seriously injured, your bleeding
                  | wounds create thick armour. (AC +0) [demonic ancestry]
  9474 | D:8      | Reached XP level 10. HP: 80/86 MP: 13/13
  9510 | D:8      | You fall through a shaft for 2 floors!
  9510 | D:10     | Entered Level 10 of the Dungeon
  9551 | D:9      | Reached ** piety under Kikubaaqudgha
  9932 | D:9      | Found an iron altar of Okawaru.
 10566 | D:8      | Reached skill level 10 in Short Blades
 10576 | D:8      | Reached *** piety under Kikubaaqudgha
 10576 | D:8      | Identified Kikubaaqudgha's Tome of Evil Rites
                  | (Kikubaaqudgha gifted it to you on level 8 of the Dungeon)
 10576 | D:8      | Received a gift from Kikubaaqudgha
 10627 | D:8      | Learned a level 5 spell: Borgnjor's Vile Clutch
 10630 | D:8      | Learned a level 2 spell: Sublimation of Blood
 10999 | D:8      | Reached skill level 1 in Necromancy
 11027 | D:8      | Found a stormy altar of Qazlal.
 11059 | D:8      | Found a runed gate.
 11060 | D:8      | Found a runed gate.
 11061 | D:8      | Found a runed gate.
 11066 | D:8      | Noticed buskinjo's ghost (novice TrHu)
 11101 | D:8      | Killed buskinjo's ghost
 11101 | D:8      | Reached skill level 1 in Armour
 11101 | D:8      | Reached skill level 1 in Dodging
 11101 | D:8      | Reached skill level 1 in Earth Magic
 11392 | D:9      | Reached skill level 2 in Necromancy
 11656 | D:9      | Gained mutation: You have a pair of small antennae on your
                  | head. [demonic ancestry]
 11656 | D:9      | Reached XP level 11. HP: 73/93 MP: 11/15
 12221 | D:10     | Found Yxaph's Antique Weapon Emporium.
 12340 | D:10     | Got a steaming robe
 12425 | D:10     | Reached skill level 3 in Necromancy
 12433 | D:10     | Reached **** piety under Kikubaaqudgha
 12448 | D:10     | Found a staircase to the Orcish Mines.
 12647 | D:10     | Found a staircase to the Lair.
 12842 | D:11     | Noticed a purple ugly thing
 12861 | D:11     | Killed a purple ugly thing
 12997 | D:11     | Reached skill level 4 in Necromancy
 13113 | D:11     | Noticed a two-headed ogre
 13126 | D:11     | Killed a two-headed ogre
 13126 | D:11     | Reached skill level 1 in Evocations
 13313 | D:11     | Noticed a two-headed ogre
 13322 | D:11     | Killed a two-headed ogre
 13643 | D:12     | Noticed Nessos
 13661 | D:12     | Killed Nessos
 13661 | D:12     | Reached skill level 5 in Necromancy
 13867 | D:12     | Found Enousk's Antique Weapon Boutique.
 13915 | D:12     | Reached skill level 5 in Spellcasting
 14148 | D:12     | Gained mutation: Your flesh is cold resistant. (rC+)
                  | [demonic ancestry]
 14148 | D:12     | Reached XP level 12. HP: 94/102 MP: 17/19
 14307 | D:12     | Found Pesa's Gadget Emporium.
 14320 | D:12     | Bought a wand of paralysis (12) for 154 gold pieces
 14331 | D:12     | Found Bory Nie's Antique Weapon Emporium.
 14832 | Lair:1   | Entered Level 1 of the Lair of Beasts
 14891 | Lair:1   | Found a frozen archway.
 14950 | Lair:1   | Learned a level 2 spell: Passwall
 14953 | Lair:1   | Learned a level 2 spell: Blink
 14957 | Lair:1   | Learned a level 3 spell: Vampiric Draining
 14962 | Lair:1   | Learned a level 4 spell: Animate Dead
 14965 | Lair:1   | Learned a level 2 spell: Swiftness
 14970 | IceCv    | Entered an ice cave
 15175 | IceCv    | Identified the +2 robe of Untold Secrets {rElec Regen+
                  | Int+2 SInv} (You found it on level 10 of the Dungeon)
 15488 | IceCv    | Killed a reaper
 15608 | IceCv    | Reached skill level 6 in Necromancy
 15699 | IceCv    | Reached ***** piety under Kikubaaqudgha
 15789 | IceCv    | Reached skill level 5 in Earth Magic
 16084 | IceCv    | Got an ichor-stained demon blade
 16109 | IceCv    | Identified the +3 demon blade "Moilic" {elec, Int-5 Dex+6}
                  | (You found it in an ice cave)
 16115 | IceCv    | Got a smoking scale mail
 16338 | Lair:1   | Identified the +3 scale mail of the Devil's Advocate
                  | {Dex+2} (You found it in an ice cave)
 16709 | Lair:1   | Noticed Urug
 16751 | Lair:1   | Killed Urug
 17381 | Lair:2   | Found a hole to the Spider Nest.
 17391 | Lair:2   | Reached skill level 5 in Evocations
 17485 | Lair:2   | Reached skill level 7 in Necromancy
 17707 | Lair:2   | Found a staircase to the Shoals.
 19094 | Lair:4   | Gained mutation: You are immune to freezing clouds.
                  | [demonic ancestry]
 19094 | Lair:4   | Reached XP level 13. HP: 109/109 MP: 22/22
 19530 | Lair:5   | Found a runed door.
 19530 | Lair:5   | Found a viscous altar of Jiyva.
 19530 | Lair:5   | Found a staircase to the Slime Pits.
 19987 | Lair:5   | Reached ****** piety under Kikubaaqudgha
 20901 | Lair:6   | Entered Level 6 of the Lair of Beasts
 21094 | Lair:5   | Reached skill level 5 in Armour
 21094 | Lair:5   | Reached skill level 5 in Dodging
 21098 | Lair:5   | Received a gift from Kikubaaqudgha
 21585 | Lair:6   | Reached skill level 8 in Necromancy
 22364 | Lair:6   | Reached skill level 9 in Necromancy
 22389 | Lair:6   | Got a crystal rapier
 22404 | Lair:6   | Identified the +9 rapier of Conservatism {protect, rC-
                  | Int+4 Dex+4} (You found it on level 6 of the Lair of
                  | Beasts)
 23344 | D:13     | Reached XP level 14. HP: 118/118 MP: 26/26
 23432 | D:13     | Found a runed door.
 23454 | D:13     | Noticed Rupert
 23459 | D:13     | Found a gate to the Vaults.
 23914 | D:13     | Paralysed by Rupert for 4 turns
 23956 | D:13     | Paralysed by Rupert for 4 turns
 23980 | D:13     | Killed Rupert
 24546 | D:13     | Reached skill level 10 in Necromancy
 24694 | D:13     | Identified Sif Muna's Reference Book on Venomous
                  | Enhancements
 24810 | D:13     | Learned a level 3 spell: Regeneration
 25582 | D:14     | Found an opulent altar of Gozag.
 25758 | D:14     | Got a warped copper ring
 26000 | D:15     | Entered Level 15 of the Dungeon
 26255 | D:15     | Reached XP level 15. HP: 88/126 MP: 8/28
 26256 | D:15     | Found a sacrificial altar of Ru.
 26407 | D:15     | Found a staircase to the Depths.
 26715 | D:15     | Reached skill level 11 in Necromancy
 27033 | D:15     | Identified the ring of Modesty {rPois MR+} (You found it on
                  | level 14 of the Dungeon)
 27208 | Orc:1    | Entered Level 1 of the Orcish Mines
 27665 | Orc:2    | Entered Level 2 of the Orcish Mines
 28205 | Orc:2    | Found a staircase to the Elven Halls.
 28358 | Orc:2    | Noticed an orc warlord
 28365 | Orc:2    | Found a roughly hewn altar of Beogh.
 28394 | Orc:2    | Reached skill level 10 in Spellcasting
 28521 | Orc:2    | Killed an orc warlord
 28591 | Orc:2    | Found Luumul's Jewellery Emporium.
 28788 | Orc:2    | Found Fulus's Book Shoppe.
 29127 | Orc:2    | Found a roughly hewn altar of Beogh.
 29268 | Orc:2    | Found Meerph's General Store.
 29295 | Orc:2    | Found Sununt's General Store.
 29860 | Orc:2    | Bought a book of the Sky for 845 gold pieces
 30013 | Spider:1 | Entered Level 1 of the Spider Nest
 30420 | Spider:1 | Got a smoking golden ring
 30678 | Spider:1 | Gained mutation: A frigid envelope surrounds you and
                  | freezes all who hurt you. [demonic ancestry]
 30678 | Spider:1 | Reached XP level 16. HP: 91/134 MP: 17/30
 30701 | Spider:1 | Reached skill level 12 in Necromancy
 30830 | Spider:1 | Noticed Jorgrun
 30839 | Spider:1 | Killed Jorgrun
 31253 | Spider:1 | Reached skill level 15 in Fighting
 31894 | Spider:2 | Noticed Frances
 31953 | Spider:2 | Killed Frances
 31977 | Spider:2 | Identified the ring of Xom's Condemnation {rPois rC+++
                  | Str+5 Int-5 Dex-3} (You found it on level 1 of the Spider
                  | Nest)
 32317 | Spider:2 | Reached skill level 1 in Charms
 32326 | Spider:2 | Reached skill level 1 in Translocations
 32326 | Spider:2 | Reached skill level 1 in Air Magic
 32422 | Spider:2 | Learned a level 4 spell: Summon Lightning Spire
 33833 | Spider:3 | Learned a level 4 spell: Passage of Golubria
 33882 | Spider:4 | Entered Level 4 of the Spider Nest
 34753 | Spider:4 | Reached skill level 1 in Summonings
 34777 | Spider:4 | Gained mutation: When low on magic, you restore magic in
                  | place of health. [demonic ancestry]
 34777 | Spider:4 | Reached XP level 17. HP: 90/142 MP: 27/32
 36450 | Spider:4 | Learned a level 5 spell: Dispel Undead
 36656 | Spider:4 | Got a gossamer rune of Zot
 37144 | Elf:1    | Entered Level 1 of the Elven Halls
 37284 | Elf:1    | Reached skill level 5 in Charms
 37390 | Elf:1    | Reached skill level 5 in Air Magic
 37526 | Elf:1    | Found a deep blue altar of Sif Muna.
 37753 | Elf:1    | Found Ugyduryck's Antique Weapon Shoppe.
 38476 | Elf:2    | Got a scintillating platinum ring
 38598 | Elf:2    | Noticed a Hell Sentinel
 38697 | Elf:2    | Noticed Agnes
 38705 | Elf:2    | Killed Agnes
 38779 | Elf:2    | Learned a level 6 spell: Deflect Missiles
 38868 | Elf:2    | Found a runed door.
 38902 | Elf:2    | Found a runed door.
 38938 | Elf:2    | Gained mutation: You have a pair of antennae on your head.
                  | [demonic ancestry]
 38938 | Elf:2    | Reached XP level 18. HP: 151/151 MP: 29/34
 39260 | Elf:2    | Noticed Saint Roka
 39282 | Elf:2    | Killed Saint Roka
 39582 | Elf:2    | Identified the ring of Woynoda {rF+ rC+ Dex+4} (You found
                  | it on level 2 of the Elven Halls)
 39889 | Vaults:1 | Entered Level 1 of the Vaults
 40313 | Vaults:1 | Reached skill level 13 in Necromancy
 40907 | Vaults:1 | Noticed a Hell Sentinel
 40907 | Vaults:1 | Reached skill level 5 in Stealth
 42721 | Vaults:2 | Reached XP level 19. HP: 103/159 MP: 18/35
 42835 | Vaults:2 | Found Gozag's Antique Weapon Shop.
 42856 | Vaults:2 | Found Gozag's Antique Armour Shop.
 43153 | Vaults:2 | Found Gozag's Antique Weapon Boutique.
 43156 | Vaults:2 | Found an opulent altar of Gozag.
 45635 | Vaults:3 | Found a staircase to the Crypt.
 45908 | Vaults:3 | Found Keppenam's General Store.
 45925 | Vaults:3 | Bought a +1 pair of gloves for 161 gold pieces
 46329 | Vaults:4 | Gained mutation: You have a pair of large antennae on your
                  | head. (SInv) [demonic ancestry]
 46329 | Vaults:4 | Reached XP level 20. HP: 135/167 MP: 22/37
 46487 | Vaults:4 | Reached skill level 14 in Necromancy
 48509 | Shoals:1 | Entered Level 1 of the Shoals
 49468 | Shoals:1 | Noticed Roxanne
 49499 | Shoals:1 | Killed Roxanne
 50054 | Shoals:2 | Found Eddas's Food Emporium.
 50868 | Shoals:3 | Reached XP level 21. HP: 129/174 MP: 22/38
 51097 | Shoals:4 | Entered Level 4 of the Shoals
 51542 | Shoals:4 | Reached skill level 10 in Dodging
 51574 | Shoals:4 | Got a barnacled rune of Zot
 52052 | Shoals:4 | Identified the Catalogue of Freezing Hexes
 52126 | Shoals:4 | Identified a scroll of acquirement
 52401 | Shoals:4 | Reached skill level 10 in Air Magic
 53079 | Elf:3    | Entered Level 3 of the Elven Halls
 53117 | Elf:3    | Reached skill level 5 in Translocations
 53599 | Elf:3    | Found the +8 longbow "Zephyr" {speed, Dex+3 SInv}
 53629 | Elf:3    | Reached skill level 15 in Necromancy
 53832 | Elf:3    | Identified the +2 pair of gloves of Boredom {*Contam rCorr
                  | Int+4} (You found it on level 3 of the Elven Halls)
 53873 | Elf:3    | Identified the Incunabulum of the Many Ships
 53882 | Elf:3    | Identified the Disquisition on Supportive Feathers
 53938 | Elf:3    | Got a slimy pewter ring
 54003 | Elf:3    | Got a crude platinum amulet
 54293 | Elf:3    | Identified the ring of Baxzyck {rF++ MR+ AC+2} (You found
                  | it on level 3 of the Elven Halls)
 54300 | Elf:3    | Identified the amulet "Sauvvete" {Reflect Int+2 SH+3} (You
                  | took it off a deep elf elementalist on level 3 of the Elven
                  | Halls)
 54646 | Depths:1 | Entered Level 1 of the Depths
 54671 | Depths:1 | Reached skill level 10 in Charms
 55879 | Depths:1 | Found a gateway to Hell.
 55930 | Depths:1 | Reached skill level 1 in Transmutations
 56044 | Depths:1 | Reached skill level 5 in Transmutations
 56226 | Depths:1 | Found a one-way gate to the infinite horrors of the Abyss.
 56235 | Depths:1 | Found a one-way gate leading to the halls of Pandemonium.
 56323 | Depths:1 | Found a gateway to a ziggurat.
 56496 | Depths:1 | Reached XP level 22. HP: 122/183 MP: 24/40
 57097 | Depths:2 | Reached skill level 10 in Transmutations
 57405 | Depths:2 | Found a snail-covered altar of Cheibriados.
 57517 | Depths:2 | You fall through a shaft for 2 floors!
 58715 | Depths:2 | Found a sacrificial altar of Ru.
 58892 | Depths:2 | Noticed a golden dragon
 58894 | Depths:2 | Noticed a juggernaut
 59223 | Depths:2 | Found a burning altar of Makhleb.
 59338 | Depths:2 | Killed a juggernaut
 59467 | Depths:2 | Got a warped iron ring
 59582 | Depths:2 | Noticed a juggernaut
 59635 | Depths:2 | Killed a juggernaut
 59635 | Depths:2 | Reached XP level 23. HP: 135/190 MP: 18/41
 59959 | Depths:2 | Reached skill level 16 in Necromancy
 59998 | Depths:2 | Identified the ring "Naesotz" {*Slow +Inv rElec Slay+6}
                  | (You took it off a spriggan berserker on level 2 of the
                  | Depths)
 60000 | Depths:2 | Got a crystal quick blade {pierce}
 60001 | Depths:2 | Identified the +9 quick blade "Mashrocso" {pierce, rElec}
                  | (You took it off a tengu warrior on level 2 of the Depths)
 60054 | Depths:2 | Found a shattered altar of Ashenzari.
 60254 | Depths:2 | Noticed a juggernaut
 60299 | Depths:2 | Killed a juggernaut
 60299 | Depths:2 | Reached skill level 15 in Spellcasting
 60811 | Orc:2    | Bought a book of the Warp for 1170 gold pieces
 61201 | Depths:3 | Found a portal to a secret trove of treasure.
 61454 | Depths:3 | Noticed Margery
 61473 | Depths:3 | Killed Margery
 62026 | Depths:3 | Reached skill level 10 in Earth Magic
 63029 | Depths:4 | Found a runed door.
 63034 | Depths:4 | Noticed Uqaleas's ghost (adept MiAK)
 63139 | Depths:4 | Killed Uqaleas's ghost
 63141 | Depths:4 | Found a runed door.
 63146 | Depths:4 | Noticed Uqaleas's ghost (adept MiAK)
 63419 | Depths:4 | Killed Uqaleas's ghost
 63528 | Depths:4 | Found a runed door.
 63529 | Depths:4 | Noticed Fenis's ghost (adept FoHu)
 63853 | Depths:4 | Found a runed door.
 63853 | Depths:4 | Noticed a caustic shrike
 63853 | Depths:4 | Noticed a juggernaut
 63955 | Depths:4 | Killed Fenis's ghost
 63955 | Depths:4 | Reached skill level 1 in Unarmed Combat
 64220 | Depths:4 | Noticed a caustic shrike
 64427 | Depths:5 | Entered Level 5 of the Depths
 64712 | Depths:5 | Reached skill level 5 in Unarmed Combat
 64727 | Depths:5 | Gained mutation: When seriously injured, your bleeding
                  | wounds create very thick armour. (AC +0) [demonic ancestry]
 64727 | Depths:5 | Reached XP level 24. HP: 125/200 MP: 25/42
 64756 | Depths:5 | Found a gate to the Realm of Zot.
 66037 | Depths:5 | Learned a level 6 spell: Statue Form
 66427 | Vaults:5 | Entered Level 5 of the Vaults
 66467 | Vaults:5 | Reached skill level 10 in Unarmed Combat
 67053 | Vaults:5 | Identified the Volume of Helpful Enchantment
 67151 | Vaults:5 | Identified the amulet of Leaves {Gourm +Inv rN++ Str+4
                  | Int-4} (You found it on level 5 of the Vaults)
 67309 | Vaults:5 | Gained mutation: You regenerate health from kills. [demonic
                  | ancestry]
 67309 | Vaults:5 | Reached XP level 25. HP: 90/206 MP: 14/42
 67454 | Vaults:5 | Reached skill level 15 in Unarmed Combat
 67659 | Vaults:5 | Found Elaimm's Food Shop.
 68142 | Vaults:5 | Got a silver rune of Zot
 68302 | Vaults:5 | Reached skill level 17 in Necromancy
 68597 | Crypt:1  | Entered Level 1 of the Crypt
 69430 | Crypt:2  | Reached skill level 18 in Necromancy
 70009 | Crypt:3  | Entered Level 3 of the Crypt
 70151 | Crypt:3  | Gained mutation: You regenerate a lot of health from kills.
                  | [demonic ancestry]
 70151 | Crypt:3  | Reached XP level 26. HP: 213/213 MP: 39/42
 70191 | Crypt:3  | Noticed Mennas
 70200 | Crypt:3  | Killed Mennas
 70208 | Crypt:3  | Reached skill level 19 in Necromancy
 70265 | Crypt:3  | Noticed Khufu
 70267 | Crypt:3  | Noticed a greater mummy
 70274 | Crypt:3  | Killed Khufu
 70423 | Crypt:3  | Killed a greater mummy
 70514 | Crypt:3  | Found a large runed door.
 70585 | Crypt:3  | Found a large runed door.
 70640 | Crypt:3  | Noticed a greater mummy
 70649 | Crypt:3  | Killed a greater mummy
 70665 | Crypt:3  | Got a heavily runed turquoise ring
 70717 | Crypt:3  | Reached skill level 20 in Necromancy
 70975 | Crypt:3  | Found a staircase to the Tomb.
 71070 | Crypt:3  | Found a basalt altar of Yredelemnul.
 71085 | Crypt:3  | Found an ancient bone altar of Kikubaaqudgha.
 71115 | Crypt:3  | Identified Kikubaaqudgha's Reference Book on Sinister Rites
 71161 | Crypt:3  | Noticed Bai Suzhen
 71175 | Crypt:3  | Killed Bai Suzhen
 71286 | Crypt:3  | Noticed Xogg's ghost (master MiMo)
 71349 | Crypt:3  | Killed Xogg's ghost
 71430 | Crypt:3  | Identified the ring of the Firefly {Fire MR+} (You took it
                  | off an ancient champion on level 3 of the Crypt)
 72030 | Slime:1  | Entered Level 1 of the Pits of Slime
 74001 | Slime:3  | Gained mutation: You possess an exceptional clarity of
                  | mind. [a shining eye]
 74002 | Slime:3  | Gained mutation: Your magical capacity is low. (-10% MP) [a
                  | shining eye]
 75274 | Slime:4  | Reached XP level 27. HP: 179/221 MP: 31/38
 75633 | Slime:5  | Entered Level 5 of the Pits of Slime
 75678 | Slime:5  | HP: 8/287 [acid (10)]
 75678 | Slime:5  | Killed from afar by an acid blob

Skill      XL: |  1  2  3  4  5  6  7  8  9 10 11 12 13 14 15 16 17 18 19 20 21 22 23 24 25 26 |
---------------+-------------------------------------------------------------------------------+-----
Fighting       | 3 5 6 7 9 10 11 12 13 14 15 16 17 18 19 | 19.0
Short Blades   | 2 7 10 12 13 14 | 14.0
Shields        | 3 4 |  4.7
Necromancy     | 2 5 7 9 10 11 12 13 14 15 16 18 20 | 20.7
Armour         | 1 2 5 6 7 8 9 |  9.5
Dodging        | 1 2 5 6 7 9 10 11 12 | 12.5
Earth Magic    | 1 4 6 7 8 9 10 | 10.8
Spellcasting   | 5 6 8 9 10 11 12 13 14 15 | 15.6
Evocations     | 3 5 |  5.4
Charms         | 3 6 7 8 9 10 | 10.1
Translocations | 3 4 5 7 |  7.0
Air Magic      | 2 6 7 8 9 10 | 10.4
Summonings     | 1 2 |  2.1
Stealth        | 6 |  6.8
Transmutations | 7 12 | 12.6
Unarmed Combat | 5 13 17 19 | 19.6
Staves         | |  2.6
Conjurations   | |  1.0

Action                   |  1- 3 |  4- 6 |  7- 9 | 10-12 | 13-15 | 16-18 | 19-21 | 22-24 | 25-27 || total
-------------------------+-------+-------+-------+-------+-------+-------+-------+-------+-------++-------
Melee: Quarterstaff      |   115 |   143 |   175 |       |       |       |       |       |       ||   433
       Dagger            |       |       |   445 |  1170 |       |       |       |       |       ||  1615
       Quick blade       |       |       |       |   545 |   630 |       |       |  1228 |     6 ||  2409
       Rapier            |       |       |       |       |  1462 |  1327 |  1834 |   556 |       ||  5179
       Unarmed           |       |       |       |       |     3 |       |       |    87 |  1184 ||  1274
Throw: Throwing net      |       |       |       |       |       |       |       |       |     1 ||     1
 Cast: Shock             |     9 |       |       |       |       |       |       |       |       ||     9
       Borgnjor's Vile C |       |       |       |    18 |   160 |   225 |   211 |   296 |    43 ||   953
       Vampiric Draining |       |       |       |     8 |     4 |       |       |       |       ||    12
       Animate Dead      |       |       |       |     3 |     5 |       |    29 |     8 |    10 ||    55
       Blink             |       |       |       |       |    12 |     5 |     1 |     8 |     6 ||    32
       Regeneration      |       |       |       |       |    21 |    60 |    81 |    83 |    33 ||   278
       Sublimation of Bl |       |       |       |       |    11 |     4 |       |       |       ||    15
       Passwall          |       |       |       |       |     1 |       |       |       |       ||     1
       Passage of Golubr |       |       |       |       |       |     1 |       |       |       ||     1
       Dispel Undead     |       |       |       |       |       |    17 |       |    25 |    42 ||    84
       Summon Lightning  |       |       |       |       |       |    22 |    32 |    25 |     5 ||    84
       Statue Form       |       |       |       |       |       |       |       |     5 |    42 ||    47
Invok: Receive Necronomi |       |       |       |       |     1 |       |       |       |       ||     1
       Receive Corpses   |       |       |       |       |       |       |       |       |    14 ||    14
Evoke: Wand              |       |       |       |     5 |       |     3 |       |       |       ||     8
  Use: Potion            |       |     5 |     3 |     5 |     6 |     2 |     3 |     7 |       ||    31
       Scroll            |       |     5 |     2 |    17 |    10 |    16 |    14 |    10 |     6 ||    80
 Stab: Sleeping          |     2 |     1 |       |       |     4 |     3 |     7 |     1 |     1 ||    19
       Paralysed         |       |       |       |     2 |       |     1 |       |       |       ||     3
       Invisible         |       |       |       |     1 |       |       |       |       |       ||     1
       Distracted        |       |       |       |       |     3 |     1 |     6 |     3 |     8 ||    21
       Held in net/web   |       |       |       |       |       |     1 |       |       |     3 ||     4
  Eat: Chunk             |     2 |     8 |    17 |    19 |    56 |    43 |    42 |    27 |     7 ||   221
       Ration            |       |       |     1 |     6 |     7 |     9 |     9 |     8 |    16 ||    56
Armor: Robe              |    29 |       |       |    84 |   447 |   463 |       |       |       ||  1023
       Leather armour    |     5 |    29 |       |       |       |       |       |       |       ||    34
       Scale mail        |       |     9 |   274 |   112 |       |       |       |       |       ||   395
       Ring mail         |       |       |       |    83 |       |       |       |       |       ||    83
       Fire dragon scale |       |       |       |       |       |    65 |   827 |   750 |   197 ||  1839
       Skin              |       |       |       |       |       |       |       |   140 |   636 ||   776
Dodge: Dodged            |    88 |    56 |   202 |   330 |   917 |   761 |   995 |  1010 |  1330 ||  5689
Block: Other             |     2 |    23 |    52 |       |       |       |       |       |       ||    77
       Reflection        |       |     2 |     1 |    16 |    17 |       |       |       |       ||    36
       Buckler           |       |       |   138 |   410 |   494 |   297 |   486 |   441 |   513 ||  2779
